 Dungeon Crawl Stone Soup version 0.19-a0-805-g0a78ef0 (webtiles) character file.

124779 Ordine the Eclecticist (level 16, 0/93 HPs)
             Began as a Deep Elf Wizard on June 25, 2016.
             Was a High Priest of Vehumet.
             Slain by a spriggan rider
             ... wielding a +0 spear
              (18 damage)
             ... on level 1 of the Swamp on June 27, 2016.
             The game lasted 03:09:20 (34557 turns).

Ordine the Eclecticist (Deep Elf Wizard)           Turns: 34557, Time: 03:09:21

Health: 0/93       AC: 21    Str:  4    XL:     16   Next: 40%
Magic:  2/49       EV: 13    Int: 31    God:    Vehumet [*****.]
Gold:   609        SH:  0    Dex: 13    Spells: 9 memorised, 12 levels left

rFire  + . .     SeeInvis +     A - staff of air
rCold  + + .     Gourm    .     K - +3 steam dragon armour
rNeg   . . .     Faith    .     (no shield)
rPois  +         Spirit   .     R - +1 helmet {SInv}
rElec  +         Dismiss  .     F - +2 cloak {rPois}
rCorr  .         Reflect  .     E - +2 pair of gloves
SustAt .         Harm     .     j - +2 pair of boots
MR     +....                    o - amulet of magic regeneration
Stlth  ++........               H - ring of magical power
                                u - ring "Aceroog" {rElec rF+ rC++}

@: very slightly contaminated, delayed fireball, repel missiles, somewhat
resistant to hostile enchantments, unstealthy
A: no striking features
a: Renounce Religion, Release Delayed Fireball


You were on level 1 of the Swamp.
You worshipped Vehumet.
Vehumet was extremely pleased with you.
You were very hungry.

You visited 6 branches of the dungeon, and saw 27 of its levels.
You also visited: Ice Cave.

You collected 3246 gold pieces.
You spent 2637 gold pieces at shops.

Inventory:

Armour
 j - a +2 pair of boots (worn)
 E - a +2 pair of gloves (worn)
 F - a +2 cloak of poison resistance (worn)
 K - a +3 steam dragon armour (worn)
 R - a +1 helmet of see invisible (worn)
Magical Staves
 A - an uncursed staff of air (weapon)
Jewellery
 o - an amulet of magic regeneration (around neck)
 u - the ring "Aceroog" (left hand) {rElec rF+ rC++}
   (You bought it in a shop on level 2 of the Orcish Mines)

   [ring of protection from fire]

   It protects you from fire.
   It greatly protects you from cold.
   It insulates you from electricity.
 G - an uncursed ring of sustain attributes
 H - a ring of magical power (right hand)
 L - an uncursed ring of resist corrosion
Scrolls
 a - a scroll of noise
 c - a scroll of fog
 e - 5 scrolls of teleportation
 h - 10 scrolls of remove curse
 n - a scroll of blinking
 y - 5 scrolls of fear
 C - a scroll of magic mapping
 I - 5 scrolls of identify
 M - a scroll of holy word
Potions
 f - 3 potions of curing
 l - 2 potions of invisibility
 p - a potion of brilliance
 s - 2 potions of flight
 t - 3 potions of resistance
 z - 2 potions of cancellation
 D - 2 potions of agility
 O - 2 potions of heal wounds
Comestibles
 B - 9 fruits


   Skills:
 - Level 8.0 Fighting
 + Level 4.3 Staves
 - Level 7.0 Armour
 - Level 10.0 Dodging
 - Level 2.4 Stealth
 * Level 18.5 Spellcasting
 + Level 12.8 Conjurations
 - Level 6.0 Hexes
 - Level 6.0 Charms
   Level 1.1 Summonings
 - Level 3.0 Translocations
 + Level 12.5 Fire Magic
 + Level 11.5 Air Magic


You had 12 spell levels left.
You knew the following spells:

 Your Spells              Type           Power        Failure   Level  Hunger
a - Fireball              Conj/Fire      #######...   1%          5    None
b - Lightning Bolt        Conj/Air       ########..   1%          5    None
c - Blink                 Tloc           N/A          1%          2    None
d - Fulminant Prism       Conj/Hex       ######....   1%          4    None
e - Iskenderun's Battles  Conj/Chrm      ######..     1%          5    None
f - Bolt of Fire          Conj/Fire      #######...   1%          6    None
g - Delayed Fireball      Conj/Fire      N/A          2%          7    ####...
h - Tornado               Air            ########..   99%         9    #######
i - Repel Missiles        Chrm/Air       ######       1%          2    None


Dungeon Overview and Level Annotations

Branches:
Dungeon (15/15)            Temple (1/1) D:7            Lair (6/6) D:10
  Swamp (1/4) Lair:2        Snake (0/4) Lair:4        Slime (0/5) Lair:6
    Orc (2/2) D:10            Elf (2/3) Orc:2        Vaults (0/5) D:14
 Depths (0/5) D:15

Altars:
Ashenzari
Cheibriados
Dithmenos
Elyvilon
Fedhas
Gozag
Hepliaklqana
Kikubaaqudgha
Makhleb
Nemelex Xobeh
Okawaru
Pakellas
Qazlal
Ru
Sif Muna
Trog
Uskayaw
Vehumet
Xom
Yredelemnul
Zin
The Shining One
Beogh
Jiyva

Shops:
D:15 =   Orc:1 ?   Orc:2 (*[=   Elf:2 *

Annotations:
Elf:2 4 runed doors


Message History

You hear a mighty clap of thunder!
The lightning arc hits you! You resist.
The lightning arc hits the alligator.
The lightning arc hits you! You resist.
The lightning arc hits the alligator.
The lightning arc hits Nikola.
The lightning arc hits the alligator.
The alligator dies!
Unknown command.
Casting: Bolt of Fire
Confirm with . or Enter, or press ? or * to list all spells.
Aiming: Bolt of Fire
Press: ? - help, Shift-Dir - straight line, f/p - Nikola
Aim: Nikola, wielding a rapier of electrocution, wearing a cloak and wearing a pair of ancient gloves (almost dead)
The bolt of fire hits Nikola.
Nikola resists.
You kill Nikola!
Vehumet accepts your kill.
You feel your power returning.
The spriggan rider hits you from afar with a spear!
* * * LOW HITPOINT WARNING * * *
Unknown command.
The spriggan rider hits you from afar with a spear!!
You die...

♣≈.≈≈≈≈≈≈♣♣ ♣♣♣..§§.≈≈§♣
♣≈≈≈≈♣≈≈..♣ ♣♣..≈≈@.≈≈
♣♣.≈.≈♣♣≈..♣♣ ♣....≈>≈≈≈
♣!.♣.≈≈pp≈≈(♣ ♣♣.≈≈≈≈≈≈≈.
♣.≈≈...≈....♣♣ ♣♣≈....≈.≈..
≈≈≈≈.≈.≈≈.p..♣♣♣.≈≈≈≈....≈≈
.≈♣..≈.≈≈≈≈≈≈.♣...≈≈≈≈..♣.≈
≈≈≈.≈≈≈≈.≈.≈≈§≈.≈.≈....♣♣ ≈
.≈≈§≈≈≈.≈≈@.§.≈.≈.....♣♣
≈..≈≈≈......≈.≈.♣.≈≈.≈♣
..≈.♣≈♣§i.))≈.≈.≈.≈≈.♣♣
♣.≈.≈.≈≈.§§§.)..≈.≈≈.♣
≈≈≈≈.≈≈≈..§≈≈.≈≈.≈.....
...≈§≈≈≈.§§§..≈≈≈≈≈≈...
.≈≈≈≈≈...≈.....≈≈≈≈≈.
≈≈≈≈≈≈≈.≈≈♣.≈≈..≈.≈≈.
≈♣≈≈≈♣≈.≈≈≈.≈≈≈.§..≈.


You could see a spriggan rider and 3 neutral humans.

Vanquished Creatures
  Nikola (Swamp:1)
  Rupert (Lair:4)
  Kirke (Swamp:1)
  A very ugly thing (D:14)
  2 orc warlords (Orc:2)
  The ghost of KuKumber the Thaumaturge, a journeyman DECj of Vehumet (Orc:2)
  A deep elf annihilator (Elf:2)
  The ghost of Etesian the Champion of Chaos, a journeyman GrFi of Makhleb (IceCv)
  A deep elf demonologist (Elf:2)
  Azrael (D:13)
  The ghost of zervinho the Unseen, a journeyman SpEn of Ashenzari (D:15)
  Snorg (D:10)
  2 fire dragons
  A great orb of eyes (D:15)
  5 hydras
  Erolcha (Orc:1)
  A vault guard (D:14)
  3 centaur warriors (D:14)
  A death knight (D:14)
  3 ice dragons
  Erica (Lair:1)
  3 tengu warriors (D:15)
  11 dancing weapons
  An orc high priest (Orc:2)
  5 deep elf knights
  Urug (Orc:2)
  5 unseen horrors
  4 deep elf archers
  2 orc knights (Orc:2)
  Pikel (D:8)
  7 hill giants
  36 deep elf magi
  An oklob plant (Lair:6)
  A manticore (D:14)
  5 ugly things (D:15)
  A cyclops (D:13)
  3 orc sorcerers
  4 black mambas
  2 ice statues (IceCv)
  14 elephants
  2 gargoyles (D:14)
  7 centaur skeletons
  Psyche (D:10)
  13 spiny frogs
  A torpor snail (Lair:4)
  2 freezing wraiths
  4 rime drakes
  7 komodo dragons
  2 ice devils (Lair:6)
  A giant leech (Swamp:1)
  7 trolls
  A two-headed ogre (D:11)
  A bog body (Swamp:1)
  Prince Ribbit (D:9)
  20 blink frogs
  A shadow (D:12)
  A vampire (D:11)
  An air elemental (Elf:2)
  A wraith (D:14)
  3 wyverns
  6 fire elementals
  33 yaks
  3 spriggans (Swamp:1)
  Grum (Lair:1)
  A human (Swamp:1)
  5 basilisks
  A hog (Swamp:1)
  3 vampire mosquitoes
  3 wargs
  8 hippogriffs
  4 steam dragons
  3 mottled dragons
  3 swamp worms (Swamp:1)
  A soldier ant (D:11)
  12 water moccasins
  3 hell hounds (D:13)
  7 porcupines
  A swamp drake (Lair:6)
  40 orc warriors
  6 sky beasts
  A slave (D:9)
  6 black bears
  17 ice beasts
  5 phantoms
  4 wasps
  An eye of draining (D:15)
  2 necrophages
  10 ogres
  11 wolves
  A boggart (D:14)
  8 centaurs
  13 crocodiles
  16 giant frogs
  A gnoll sergeant (D:8)
  2 earth elementals
  A water moccasin zombie (D:7)
  A wyvern skeleton (D:6)
  10 scorpions
  14 killer bees
  3 electric eels
  12 wights
  2 howler monkeys
  9 crimson imps
  6 centaur zombies
  3 giant frog skeletons
  The ghost of clown the Vexing, a weakling SpEn (D:3)
  A gnoll shaman (D:6)
  5 hounds
  A jelly (shapeshifter) (Elf:2)
  26 orc priests
  2 jellies
  30 orc wizards
  14 iguanas
  10 worker ants
  21 sheep
  3 hound skeletons
  2 howler monkey zombies (D:5)
  2 worker ant zombies
  20 adders
  14 gnolls
  40 river rats
  2 shadow imps (D:5)
  An adder skeleton (D:6)
  A worm (D:3)
  5 dart slugs
  5 giant geckos
  105 orcs
  3 giant cockroaches
  9 hobgoblins
  20 jackals
  5 kobolds
  4 quokkas
  3 ball pythons
  21 bats
  A giant gecko zombie (D:5)
  6 giant newts
  12 goblins
  8 rats
  7 fungi
  3 plants
931 creatures vanquished.

Vanquished Creatures (collateral kills)
  A killer bee (D:8)
1 creature vanquished.

Vanquished Creatures (others)
  An alligator (Swamp:1)
  A killer bee (D:8)
  A crimson imp (D:9)
  A giant gecko (D:9)
  58 fulminant prisms
  8 fungi
  9 plants
79 creatures vanquished.

Grand Total: 1011 creatures vanquished

Notes
Turn   | Place    | Note
--------------------------------------------------------------
     0 | D:1      | Ordine the Deep Elf Wizard began the quest for the Orb.
     0 | D:1      | Reached XP level 1. HP: 10/10 MP: 7/7
   145 | D:1      | Reached XP level 2. HP: 15/15 MP: 7/9
   150 | D:1      | Learned a level 2 spell: Blink
   164 | D:1      | Reached skill level 5 in Spellcasting
   729 | D:2      | Found a radiant altar of Vehumet.
   737 | D:2      | Became a worshipper of Vehumet
  1007 | D:2      | Reached XP level 3. HP: 9/19 MP: 8/12
  1168 | D:2      | Learned a level 3 spell: Conjure Flame
  1172 | D:2      | Learned a level 3 spell: Mephitic Cloud
  1175 | D:2      | Learned a level 2 spell: Repel Missiles
  1295 | D:2      | Reached skill level 6 in Spellcasting
  1521 | D:2      | Reached XP level 4. HP: 24/24 MP: 14/14
  1825 | D:2      | Found a glowing silver altar of Zin.
  1827 | D:2      | Found an opulent altar of Gozag.
  2022 | D:3      | Reached * piety under Vehumet
  2022 | D:3      | Offered knowledge of Freeze by Vehumet.
  2076 | D:3      | Noticed clown's ghost (weakling SpEn)
  2104 | D:3      | Killed clown's ghost
  2166 | D:3      | Found a burning altar of Makhleb.
  2310 | D:3      | Reached XP level 5. HP: 27/28 MP: 16/16
  3071 | D:4      | Reached skill level 7 in Spellcasting
  3082 | D:4      | Reached XP level 6. HP: 32/32 MP: 14/18
  3272 | D:4      | Reached skill level 1 in Fire Magic
  3522 | D:4      | Reached skill level 1 in Air Magic
  3628 | D:4      | Offered knowledge of Throw Flame by Vehumet.
  3662 | D:4      | Reached ** piety under Vehumet
  4080 | D:4      | Reached skill level 8 in Spellcasting
  4080 | D:4      | Reached XP level 7. HP: 36/36 MP: 20/20
  4143 | D:5      | Entered Level 5 of the Dungeon
  4379 | D:5      | Found an ancient bone altar of Kikubaaqudgha.
  4521 | D:5      | Found a glowing golden altar of the Shining One.
  4616 | D:5      | Offered knowledge of Stone Arrow by Vehumet.
  4657 | D:5      | Reached skill level 9 in Spellcasting
  4665 | D:5      | Reached XP level 8. HP: 42/42 MP: 21/23
  4684 | D:5      | Reached skill level 1 in Fighting
  4892 | D:5      | Reached *** piety under Vehumet
  5243 | D:5      | Offered knowledge of Iskenderun's Mystic Blast by Vehumet.
  5595 | D:6      | Reached skill level 5 in Dodging
  5693 | D:6      | Reached **** piety under Vehumet
  5700 | D:6      | Reached skill level 10 in Spellcasting
  5866 | D:6      | Reached skill level 5 in Conjurations
  5907 | D:6      | Offered knowledge of Lee's Rapid Deconstruction by Vehumet.
  5907 | D:6      | Reached XP level 9. HP: 49/49 MP: 14/25
  7068 | D:7      | Found a sparkling altar of Nemelex Xobeh.
  7164 | D:7      | Found a staircase to the Ecumenical Temple.
  7172 | Temple   | Entered the Ecumenical Temple
  7712 | D:7      | Reached skill level 11 in Spellcasting
  7744 | D:7      | Reached ***** piety under Vehumet
  8050 | D:8      | Reached skill level 5 in Fire Magic
  8075 | D:8      | Offered knowledge of Poison Arrow by Vehumet.
  8793 | D:8      | Reached XP level 10. HP: 48/56 MP: 14/27
  8967 | D:8      | Reached skill level 5 in Air Magic
  9023 | D:8      | Found a shadowy altar of Dithmenos.
  9028 | D:8      | Found a sacrificial altar of Ru.
  9487 | D:9      | Noticed Prince Ribbit
  9605 | D:9      | Killed Prince Ribbit
  9606 | D:9      | Found a stormy altar of Qazlal.
  9871 | D:9      | Noticed Pikel
  9912 | D:8      | Killed Pikel
  9912 | D:8      | Reached skill level 12 in Spellcasting
 10880 | D:9      | Learned a level 4 spell: Fulminant Prism
 10886 | D:9      | Learned a level 5 spell: Iskenderun's Battlesphere
 10948 | D:9      | Found a hazy altar of Hepliaklqana.
 10949 | D:9      | Found a shimmering altar of Xom.
 11003 | D:9      | Reached skill level 1 in Charms
 11093 | D:10     | Entered Level 10 of the Dungeon
 11162 | D:10     | Found a staircase to the Lair.
 11342 | D:10     | Found a staircase to the Orcish Mines.
 11552 | D:10     | Noticed Psyche
 11560 | D:10     | Killed Psyche
 11639 | D:10     | Noticed Snorg
 11656 | D:10     | Killed Snorg
 12026 | Lair:1   | Entered Level 1 of the Lair of Beasts
 12076 | Lair:1   | Noticed Erica
 12084 | Lair:1   | Killed Erica
 12084 | Lair:1   | Reached skill level 5 in Charms
 12084 | Lair:1   | Reached XP level 11. HP: 62/62 MP: 28/29
 12174 | Lair:1   | Noticed Grum
 12184 | Lair:1   | Killed Grum
 12269 | Lair:1   | Offered knowledge of Bolt of Cold by Vehumet.
 12921 | Lair:1   | Reached skill level 13 in Spellcasting
 12936 | Lair:1   | HP: 3/62 [blink frog (11)]
 13187 | Lair:1   | Upgraded the game from 0.19-a0-751-gbe1ce7d to 0.19-a0-787-gcef06a7
 13419 | Lair:1   | Got a shimmering robe
 13430 | Lair:1   | Identified the +0 robe of Indecent Exposure {+Blink Dex+4} (You found it on level 1 of the Lair of Beasts)
 13965 | Lair:2   | Reached skill level 5 in Fighting
 14198 | Lair:2   | Found a staircase to the Swamp.
 15348 | Lair:3   | Reached skill level 1 in Hexes
 15440 | Lair:3   | Reached XP level 12. HP: 68/68 MP: 27/31
 15879 | Lair:3   | Reached skill level 14 in Spellcasting
 16236 | Lair:3   | Noticed a five-headed hydra
 16782 | Lair:4   | Noticed Rupert
 16797 | Lair:4   | Killed Rupert
 16797 | Lair:4   | Reached skill level 5 in Hexes
 16894 | Lair:4   | Offered knowledge of Fireball by Vehumet.
 16902 | Lair:4   | Learned a level 5 spell: Fireball
 17009 | Lair:4   | Reached skill level 1 in Armour
 17052 | Lair:4   | Found a staircase to the Snake Pit.
 18012 | Lair:5   | Noticed a four-headed hydra
 18016 | Lair:5   | Killed a four-headed hydra
 18171 | Lair:5   | Noticed a seven-headed hydra
 18175 | Lair:5   | Killed a seven-headed hydra
 18175 | Lair:5   | Reached XP level 13. HP: 74/74 MP: 22/33
 18231 | Lair:5   | Found a sacrificial altar of Ru.
 18524 | Lair:5   | Reached skill level 10 in Dodging
 18528 | Lair:5   | Reached ****** piety under Vehumet
 18825 | Lair:6   | Entered Level 6 of the Lair of Beasts
 19246 | Lair:6   | Found a frozen archway.
 19258 | IceCv    | Entered an ice cave
 19260 | IceCv    | Offered knowledge of Lightning Bolt by Vehumet.
 19670 | IceCv    | Noticed Etesian's ghost (journeyman GrFi)
 19679 | IceCv    | Killed Etesian's ghost
 19838 | IceCv    | Gained mutation: You have a pair of small horns on your head. [potion of beneficial mutation]
 19859 | Lair:6   | Reached skill level 5 in Armour
 20240 | Lair:6   | Found a viscous altar of Jiyva.
 20240 | Lair:6   | Found a staircase to the Slime Pits.
 20269 | Lair:6   | Reached skill level 15 in Spellcasting
 20444 | Lair:6   | Reached skill level 10 in Conjurations
 20601 | Lair:6   | Noticed a fire dragon
 20836 | Lair:6   | Learned a level 5 spell: Lightning Bolt
 21196 | Lair:6   | Killed a fire dragon
 21464 | Lair:2   | Gained mutation: Your muscles are strong. (Str +2) [potion of beneficial mutation]
 21544 | Orc:1    | Entered Level 1 of the Orcish Mines
 21567 | Orc:1    | Offered knowledge of Bolt of Fire by Vehumet.
 21582 | Orc:1    | Noticed Erolcha
 21831 | Lair:2   | Learned a level 6 spell: Bolt of Fire
 22155 | Orc:1    | Killed Erolcha
 22155 | Orc:1    | Reached XP level 14. HP: 67/80 MP: 29/35
 22354 | Orc:1    | Found Gan Ebb's Magic Scroll Emporium.
 22364 | Orc:1    | Bought a scroll of blinking for 112 gold pieces
 22364 | Orc:1    | Bought a scroll of identify for 30 gold pieces
 22807 | Orc:2    | Entered Level 2 of the Orcish Mines
 22939 | Orc:2    | Noticed an orc warlord
 22950 | Orc:2    | Killed an orc warlord
 23169 | Orc:2    | Found a staircase to the Elven Halls.
 23177 | Orc:2    | Noticed an orc warlord
 23181 | Orc:2    | Killed an orc warlord
 23189 | Orc:2    | Noticed KuKumber's ghost (journeyman DECj)
 23361 | Orc:2    | Killed KuKumber's ghost
 23361 | Orc:2    | Reached skill level 10 in Fire Magic
 23407 | Orc:2    | Noticed Urug
 23569 | Orc:2    | Killed Urug
 23599 | Orc:2    | Offered knowledge of Delayed Fireball by Vehumet.
 23614 | Orc:2    | Learned a level 7 spell: Delayed Fireball
 23624 | Orc:2    | Found a roughly hewn altar of Beogh.
 23699 | Orc:2    | Found Nafedakk's Antique Weapon Boutique.
 23921 | Orc:2    | Found Lakhiut's Antique Armour Boutique.
 23936 | Orc:2    | Found Rufiekk's Jewellery Boutique.
 23948 | Orc:2    | Bought a dazzling scale mail for 234 gold pieces
 23948 | Orc:2    | Bought a dazzling scale mail for 234 gold pieces
 23948 | Orc:2    | Identified the +1 scale mail of the Falcon {Dex+4} (You bought it in a shop on level 2 of the Orcish Mines)
 23961 | Orc:2    | Identified the +7 scale mail of Vomummoj {Str-2 Slay+6} (You bought it in a shop on level 2 of the Orcish Mines)
 24011 | Orc:2    | Bought an uncursed amulet of magic regeneration for 480 gold pieces
 24011 | Orc:2    | Bought the ring "Aceroog" {rElec rF+ rC++} for 904 gold pieces
 24327 | Orc:2    | Found Omarghi's General Store.
 26853 | D:13     | Noticed Azrael
 26866 | D:13     | Killed Azrael
 27866 | D:13     | Reached skill level 16 in Spellcasting
 28018 | D:13     | Offered knowledge of Ozocubu's Refrigeration by Vehumet.
 28081 | D:13     | Reached skill level 10 in Air Magic
 28493 | D:14     | Reached XP level 15. HP: 84/88 MP: 35/37
 29204 | D:14     | Found a gate to the Vaults.
 29852 | D:15     | Entered Level 15 of the Dungeon
 30113 | D:15     | Noticed zervinho's ghost (journeyman SpEn)
 30120 | D:15     | Killed zervinho's ghost
 30149 | D:15     | Found a stormy altar of Qazlal.
 30169 | D:15     | Reached skill level 17 in Spellcasting
 30300 | D:15     | Found Kopt's Jewellery Shop.
 30321 | D:15     | Bought an uncursed ring of sustain attributes for 227 gold pieces
 30502 | D:15     | Found a staircase to the Depths.
 30763 | D:15     | Upgraded the game from 0.19-a0-787-gcef06a7 to 0.19-a0-805-g0a78ef0
 31301 | Elf:1    | Entered Level 1 of the Elven Halls
 31457 | Elf:1    | Reached skill level 1 in Staves
 31836 | Elf:1    | Offered knowledge of Shatter by Vehumet.
 31836 | Elf:1    | Offered knowledge of Chain Lightning by Vehumet.
 31836 | Elf:1    | Offered knowledge of Tornado by Vehumet.
 32263 | Elf:1    | Learned a level 9 spell: Tornado
 33177 | Elf:2    | Reached XP level 16. HP: 81/93 MP: 36/39
 33180 | Elf:2    | Reached skill level 18 in Spellcasting
 33292 | Elf:2    | Found Lotreime's Assorted Antiques.
 33303 | Elf:2    | Bought a gnarled glowing staff for 312 gold pieces
 33304 | Elf:2    | Bought 2 scrolls of identify for 104 gold pieces
 33826 | Elf:2    | Found a large runed door.
 33826 | Elf:2    | Found a large runed door.
 33854 | Elf:2    | Found a large runed door.
 33854 | Elf:2    | Found a large runed door.
 34061 | Lair:2   | Lost mutation: You have a pair of small horns on your head. [potion of cure mutation]
 34061 | Lair:2   | Lost mutation: Your muscles are strong. (Str +2) [potion of cure mutation]
 34146 | Swamp:1  | Entered Level 1 of the Swamp
 34379 | Swamp:1  | Noticed Kirke
 34385 | Swamp:1  | Killed Kirke
 34399 | Swamp:1  | Noticed Nikola
 34556 | Swamp:1  | Killed Nikola
 34557 | Swamp:1  | Slain by a spriggan rider

Vault maps used:
D:1:      dpeg_arrival_arbitrary_a, serial_curves, eino_curves_01,
          eino_curves_03, eino_curves_01
D:2:      kennysheep_the_goblin_king, grunt_temple_overflow_gold_and_silver,
          old_standard_altar, first_bread, minmay_quantized
D:3:      nicolae_overflow_crystal_walls
D:5:      old_forge, lemuel_crystal_altar, kennysheep_mini
D:7:      nemelex_xobeh_ov_fountains_minmay, minmay_misc_feat_diagonals
D:8:      nicolae_overflow_hidden_temple
D:9:      regret_index_temple_of_mockery, nicolae_qazlal_style_of_elements,
          uniq_prince_ribbit1, uniq_pikel
D:10:     due_lair_maze_entry_diamond, uniq_psyche, uniq_snorg
D:11:     minivault_14
D:13:     special_room, grunt_pizzeria, uniq_azrael
D:14:     hangedman_cross_stitches, david_vaults_5, serial_co_window_serial,
          co_window_corner_a, co_window_paths_a, co_window_paths_a,
          co_window_paths_b, co_window_paths_b, co_window_corner_a,
          co_window_paths_b, co_window_paths_b, co_window_corner_a,
          co_window_corner_ca, co_window_paths_c, co_window_corner_b,
          co_window_broadway_b, co_window_corner_ca, glass_columns_b,
          glass_columns_c, minmay_fountain_box
D:15:     grunt_enter_depths_hoard, serial_shops, shop, basic_altar,
          serial_glass, glass_columns_a, glass_columns_a
Temple:   pf_slime_end_temple
Lair:1:   serial_bayou_shore_a, bh_autumn_forest_stairs, serial_bayou_shore_b,
          serial_bayou_shore_b, lemuel_fruit_tree, grunt_megastairs_3,
          uniq_erica, uniq_grum
Lair:2:   swamp_mist, infiniplex_staircase_pool, grunt_megastairs_1
Lair:3:   grunt_megastairs_4
Lair:4:   minmay_snake_entry_six_corridors, grunt_megastairs_2, uniq_rupert
Lair:5:   basic_altar
Lair:6:   guppyfry_lair_end_dragon, slime_altar_1, portal_ice_cave_demonic_guard
Swamp:1:  infiniplex_staircase_pool_2, uniq_nikola, uniq_kirke, uniq_roxanne
Orc:1:    serial_shops, shop, guppyfry_library_mini, uniq_erolcha
Orc:2:    grunt_orc_cross
Elf:1:    minmay_elf_crystal_hexagon
Elf:2:    serial_shops, nicolae_shop_window_shopping
IceCv:    ice_cave_small_dragons

Skill      XL: |  1  2  3  4  5  6  7  8  9 10 11 12 13 14 15 16 |
---------------+-------------------------------------------------+-----
Spellcasting   | 5 6 7 8 9 10 11 12 13 14 15 16 17 18 | 18.5
Conjurations   | 2 3 4 5 6 7 8 9 10 11 12 | 12.8
Translocations | 2 3 |  3.0
Fire Magic     | 2 4 5 6 7 8 9 10 12 | 12.5
Air Magic      | 1 2 3 4 5 6 8 9 10 11 | 11.5
Dodging        | 3 4 5 6 7 8 9 10 | 10.0
Fighting       | 2 3 4 5 6 8 |  8.0
Charms         | 5 6 |  6.0
Hexes          | 2 6 |  6.0
Armour         | 2 5 7 |  7.0
Staves         | 3 4 |  4.3
Stealth        | |  2.4
Summonings     | |  1.1

Action                   |  1- 3 |  4- 6 |  7- 9 | 10-12 | 13-15 | 16-18 || total
-------------------------+-------+-------+-------+-------+-------+-------++-------
Melee: Staff             |       |       |     4 |     1 |    52 |       ||    57
       Headbutt          |       |       |       |       |     9 |       ||     9
 Cast: Magic Dart        |    64 |   195 |   583 |   615 |    95 |       ||  1552
       Blink             |     4 |     2 |     4 |    60 |    44 |     1 ||   115
       Repel Missiles    |     1 |       |     1 |       |     1 |       ||     3
       Conjure Flame     |       |     4 |    26 |    15 |     1 |       ||    46
       Mephitic Cloud    |       |     2 |    14 |    10 |       |       ||    26
       Iskenderun's Batt |       |       |       |    86 |    64 |     6 ||   156
       Fulminant Prism   |       |       |       |    34 |    20 |     4 ||    58
       Fireball          |       |       |       |    33 |   409 |    39 ||   481
       Lightning Bolt    |       |       |       |       |   126 |       ||   126
       Bolt of Fire      |       |       |       |       |   104 |    36 ||   140
       Delayed Fireball  |       |       |       |       |     3 |       ||     3
 Abil: Release Delayed F |       |       |       |       |     2 |       ||     2
Evoke: Wand              |       |       |       |     1 |       |       ||     1
  Use: Scroll            |     5 |     7 |     7 |     6 |    23 |     7 ||    55
       Potion            |       |     1 |     1 |     4 |     7 |     1 ||    14
  Eat: Chunk             |     2 |     7 |    14 |    30 |    43 |     3 ||    99
       Fruit             |       |       |       |     1 |     7 |       ||     8
       Meat ration       |       |       |       |       |     1 |       ||     1
Armor: Robe              |     4 |     7 |    36 |    32 |    11 |       ||    90
       Skin              |       |       |       |    10 |       |       ||    10
       Steam dragon armo |       |       |       |       |    86 |     2 ||    88
Dodge: Dodged            |     7 |    22 |   122 |   134 |   206 |     4 ||   495
       Deflected         |       |     1 |     1 |     1 |    15 |       ||    18
